 Dungeon Crawl Stone Soup version 0.30-a0-881-g1ff12e1e11 (webtiles) character file.

Game seed: 8408972371695714857

109 Firecrotchwizard the Insei (level 4, -1/24 HPs)
             Began as a Vine Stalker Monk on Mar 15, 2023.
             Succumbed to an orc's poison
             ... on level 3 of the Dungeon.
             The game lasted 00:04:18 (1967 turns).

Firecrotchwizard the Insei (Vine Stalker Monk)      Turns: 1967, Time: 00:04:18

Health: -1/24      AC: 11    Str: 19    XL:     4   Next: 90%
Magic:  3/5        EV:  8    Int: 10    God:
Gold:   149        SH:  0    Dex: 17    Spells: 3/3 levels left

rFire   + . .      SeeInvis .      - Unarmed
rCold   + . .      Faith    .    (no shield)
rNeg    . . .      Spirit   +    k - +0 chain mail
rPois   .          Reflect  .    n - +0 helmet
rElec   .          Rampage  .    r - scarf {rC+ rF+}
rCorr   .                        l - +0 pair of gloves
Will    .....                    p - +0 pair of boots "Mocyq" {Str+4} Stlth
                                 f - amulet of the acrobat
HPRegen 1.04/turn                (no ring)
MPRegen 0.09/turn                (no ring)

@: confused, lethally poisoned (-1 -> -17), flying
A: fangs 2, regeneration 1, magic shield, antimagic bite, no potion heal 2
a: no special abilities


You were on level 3 of the Dungeon.
You visited 1 branch of the dungeon, and saw 3 of its levels.

You collected 149 gold pieces.

Inventory:

Missiles
 s - 38 stones (quivered)
Armour
 a - a +0 robe
 k - a +0 chain mail (worn)
   (You found it on level 1 of the Dungeon)
 l - a +0 pair of gloves (worn)
   (You found it on level 2 of the Dungeon)
 n - a +0 helmet (worn)
   (You found it on level 2 of the Dungeon)
 p - the +0 pair of boots "Mocyq" (worn) {Str+4}
   (You found it on level 3 of the Dungeon)

   Str:       It affects your strength (+4).
 r - a scarf of resistance (worn)
   (You found it on level 3 of the Dungeon)
Jewellery
 f - an amulet of the acrobat (around neck)
   (You found it on level 1 of the Dungeon)
 j - an amulet of faith
   (You found it on level 1 of the Dungeon)
Scrolls
 b - 4 scrolls of identify {unknown}
 d - a scroll of blinking {unknown}
 g - a scroll of noise {unknown}
 m - 3 scrolls of teleportation {unknown}
 q - a scroll of immolation {unknown}
Potions
 c - a potion of curing {unknown}
 h - a potion of lignification {unknown}
 i - a potion of degeneration {unknown}
 o - a potion of heal wounds {unknown}
 G - a potion of ambrosia {!q}
 L - 2 potions of flight


   Skills:
 + Level 3.5 Fighting
 - Level 2.4 Dodging
 - Level 2.4 Stealth
 * Level 4.7 Unarmed Combat


You had 3 spell levels left.
You didn't know any spells.
Your spell library was empty.

Dungeon Overview and Level Annotations

Branches:
Dungeon (3/15)

Altars:
Ashenzari
Kikubaaqudgha
Ru

Shops:
D:2 [

Annotations:
D:2 1 runed translucent door, Crazy Yiuf
D:3 Ijyb


Innate Abilities, Weirdness & Mutations

You have extremely sharp teeth.
Your natural rate of healing is unusually fast.
When hurt, damage is shared between your health and your magic reserves.
Your bite disrupts and absorbs the magic of your enemies.
Potions cannot restore your health.


Message History

You resist with some effort.
You closely miss Ijyb. Ijyb closely misses you.
You hit Ijyb but do no damage. The ball python completely misses you.
The ball python grabs you. The ball python constricts you.
Ijyb barely misses you.
You take 1 damage, and have 23/24 hp.
You hit Ijyb. You bite Ijyb. You drain her power.
The ball python bites you but does no damage.
The ball python constricts you. Ijyb hits you with a +0 dagger.
You take 1 damage, and have 22/24 hp.
You hit Ijyb. You bite Ijyb. You drain her power.
The ball python completely misses you. The ball python constricts you.
Ijyb hits you but does no damage.
Unknown command.
You closely miss Ijyb.
The ball python bites you but does no damage.
The ball python constricts you.
Ijyb zaps a wand.
You resist with some effort.
Health restored: 24 You hit Ijyb.
Your bite misses Ijyb. The ball python barely misses you.
The ball python constricts you.
Ijyb zaps a wand.
Your will is overpowered!
You are confused.
The ball python bites you but does no damage.
The ball python constricts you.
You escape the ball python's grasp.
Ijyb misses you. The ball python closely misses you. The ball python grabs you.
The ball python constricts you.
You're too confused to move!
Ijyb hits you but does no damage.
The ball python bites you but does no damage.
The ball python constricts you.
You now have 4/5 mp.
You hit Ijyb.
The ball python bites you but does no damage.
The ball python constricts you. Ijyb barely misses you.
You're too confused to move!
The ball python bites you but does no damage.
The ball python constricts you. The orc barely misses you.
Ijyb hits you with a +0 dagger.
You take 3 damage, and have 21/24 hp.
You now have 3/5 mp.
You miss the ball python. Your bite misses the ball python.
The ball python bites you but does no damage.
The ball python constricts you.
Ijyb zaps a wand.
Your will is overpowered!
You are more confused.
The orc hits you but does no damage.
You are poisoned.
You escape the ball python's grasp.
The orc attacks as you move away! The orc hits you but does no damage.
You are more poisoned.
You feel very sick.
You take 4 damage, and have 18/24 hp.
You feel very sick. Ijyb completely misses you.
You take 2 damage, and have 16/24 hp.
Unknown command.
You hit the ball python.
You kill the ball python!
You feel very sick.
Ijyb zaps a wand.
Your will is overpowered!
You are more confused.
The orc hits you but does no damage.
You take 2 damage, and have 14/24 hp.
Ijyb attacks as you move away! Ijyb barely misses you.
You feel sick.
You take 1 damage, and have 13/24 hp.
You miss Ijyb.
You feel sick.
Unknown command.
You feel sick.
You take 1 damage, and have 12/24 hp.
You miss Ijyb.
You feel sick. Ijyb hits you but does no damage.
The orc hits you with a +0 whip of venom.
You take 2 damage, and have 10/24 hp.
You punch Ijyb! Your bite misses Ijyb.
You feel sick. Ijyb barely misses you. The orc hits you but does no damage.
You are more poisoned.
You barely miss the orc. You bite the orc, but do no damage.
You feel sick. Ijyb hits you but does no damage.
The orc hits you with a +0 whip of venom.
* * * LOW HITPOINT WARNING * * *
You are lethally poisoned!
You take 3 damage, and have 7/24 hp.
You now have 3/5 mp.
You closely miss the orc. You bite the orc. You drain its power.
You feel invigorated.
* * * LOW HITPOINT WARNING * * *
You feel very sick. Ijyb hits you but does no damage.
The orc hits you with a +0 whip of venom.
You are more poisoned.
You take 3 damage, and have 4/24 hp.
It was a potion of flight.
You feel very buoyant.
You fly up into the air.
L - 2 potions of flight You die...

##...##.####....#
##.....#.##......#
#......†....#..#.####
#........#####.###.#.
#........# ###..##...
#......#.# #.........
#......#.# #.........
#........# #.........
#...@....# #.......#.
#..og....# #....)..#.
#......#.# #########)
#.#†..##.### ###..
#.#.........# #..<.
#...........# ##)#..
........#####..# #..#..
.........#...#...# #.##.^
.........#.P.#....##.#...


You could see Ijyb and an orc.

Vanquished Creatures
  An orc priest (D:3)
  2 adders
  2 dart slugs
  7 orcs (D:3)
  5 ball pythons
  3 endoplasms
  4 giant cockroaches
  4 goblins
  2 hobgoblins
  3 quokkas (D:1)
  4 bats
  5 frilled lizards
  3 kobolds
  10 rats
55 creatures vanquished.

Notes
Turn   | Place    | Note
-------+----------+-------------------------------------------
     0 | D:1      | Firecrotchwizard the Vine Stalker Monk began the quest for
                  | the Orb.
     0 | D:1      | Reached XP level 1. HP: 11/11 MP: 2/2
   188 | D:1      | Reached XP level 2. HP: 9/16 MP: 1/3
   312 | D:1      | Noticed a golden eye
   315 | D:1      | Noticed a great orb of eyes
   318 | D:1      | Found a faded altar of an unknown god.
   320 | D:1      | Noticed a golden eye
   320 | D:1      | Noticed an eye of devastation
   627 | D:1      | Reached skill level 3 in Fighting
   751 | D:2      | HP: 3/16 [rat (2)]
   753 | D:2      | Reached XP level 3. HP: 5/20 MP: 0/4
  1129 | D:2      | Found a sacrificial altar of Ru.
  1214 | D:2      | Found Orot's Armour Boutique.
  1294 | D:2      | Reached skill level 4 in Unarmed Combat
  1585 | D:2      | Found a runed translucent door.
  1586 | D:2      | Noticed Crazy Yiuf
  1699 | D:3      | Identified the +0 pair of boots "Mocyq" {Str+4}
  1770 | D:3      | Found a sacrificial altar of Ru.
  1771 | D:3      | Found a broken altar of Ashenzari.
  1772 | D:3      | Found an ancient bone altar of Kikubaaqudgha.
  1784 | D:3      | Gained mutation: Your natural rate of healing is unusually
                  | fast. [Vine Stalker growth]
  1784 | D:3      | Reached XP level 4. HP: 20/24 MP: 5/5
  1940 | D:3      | Noticed Ijyb
  1966 | D:3      | HP: 4/24 [poisoned by an orc]
  1967 | D:3      | Succumbed to an orc's poison

Illustrated notes

Levels and vault maps discovered:
D:1:      enne_arrival_octagon_isle, layout_basic,
          hellmonk_ecumenical_altar_watching_god
D:2:      layout_basic, serial_shops, nicolae_square_shop, basic_altar,
          chequers_serial_rivers_small_b, moated_statue, uniq_crazy_yiuf_cottage
D:3:      layout_rooms, chequers_temple_overflow_statue_of_worship,
          serial_aquarium, aquarium_bridge_long_joined [aquarium_subvault_wall,
          aquarium_subvault_wall, aquarium_subvault_wall,
          aquarium_subvault_bridge, aquarium_subvault_bridge,
          aquarium_subvault_window], aquarium_bridge_island_large
          [aquarium_subvault_large_water, aquarium_subvault_window,
          aquarium_subvault_bridge, aquarium_subvault_window,
          aquarium_subvault_bridge], aquarium_window_2, aquarium_window_double,
          aquarium_view_2e, aquarium_view_2a, aquarium_pool_2, uniq_ijyb

Skill      XL: |  1  2  3 |
---------------+----------+-----
Fighting       | 3 |  3.5
Unarmed Combat | 4 |  4.7
Dodging        | |  2.4
Stealth        | |  2.4

Action                     |  1- 3 |  4- 6 || total
---------------------------+-------+-------++-------
  Melee: Unarmed           |   113 |    52 ||   165
         Bite              |    28 |    15 ||    43
         Punch             |     3 |     1 ||     4
    Use: Potion            |       |     1 ||     1
   Stab: Sleeping          |     6 |       ||     6
 Armour: Robe              |    14 |       ||    14
         Chain mail        |     8 |    33 ||    41
  Dodge: Dodged            |    77 |    38 ||   115

Table legend: (Time is in decaauts)
 A = Elapsed time spent in this place.
 B = Non-inter-level travel time spent in this place.
 C = Inter-level travel time spent in this place.
 D = Time resting spent in this place.
 E = Time spent auto-exploring this place.
 F = Levels seen in this place.
 G = Mean time per level.
                   A        B        C        D        E       F      G
               +--------+--------+--------+--------+--------+-----+--------+
         Total |   1956 |   1833 |    123 |     68 |   1297 |   3 |  652.0 |
       Dungeon |   1956 |   1833 |    123 |     68 |   1297 |   3 |  652.0 |
               +--------+--------+--------+--------+--------+-----+--------+

Top non-repeatable levels by time:
     D:2: 865 daAuts
     D:1: 747 daAuts
     D:3: 343 daAuts

Table legend:
 A = Kills in this place as a percentage of kills in the entire game.
 B = Kills by you in this place as a percentage of kills by you in the entire game.
 C = Kills by friends in this place as a percentage of kills by friends in the entire game.
 D = Other kills in this place as a percentage of other kills in the entire game.
 E = Experience gained in this place as a percentage of experience gained in the entire game.
 F = Experience gained in this place divided by the number of levels of this place that you have seen.
                   A       B       C       D       E      F
               +-------+-------+-------+-------+-------+----------------------
         Total | 100.0 | 100.0 |   N/A |   N/A | 100.0 |  52.3
       Dungeon | 100.0 | 100.0 |   N/A |   N/A | 100.0 |  52.3
               +-------+-------+-------+-------+-------+----------------------
